ORI
UNIVERSITY OF CONNETICUT HUSKIES @ UNIVERSITY OF OKLAHOMA SOONERS
11/26/2046
 
TOP OF THE 1ST
University of Conneticut Huskies batting - Pitching for University of Oklahoma Sooners : LHP Billy Bradburn
Pitching: LHP Billy Bradburn
Batting: RHB Kyle Finney 0-0: Called Strike
0-1: Ball
1-1: Ball
2-1: Ground out 6-3 (Groundball, 6S, EV 73.8 MPH)
Batting: LHB Andrew Barzee 0-0: Ground out U3 (Groundball, 34S, EV 87.5 MPH)
Batting: LHB Hector Acosta 0-0: Foul Ball, location: 2F
0-1: Ball
1-1: Swinging Strike
1-2: Strikes out looking
Top of the 1st over - 0 runs, 0 hits, 0 errors, 0 left on base; University of Conneticut 0 - University of Oklahoma 0
BOTTOM OF THE 1ST
University of Oklahoma Sooners batting - Pitching for University of Conneticut Huskies : RHP Jordan Watkins
Pitching: RHP Jordan Watkins
Batting: RHB Myles Sabine 0-0: Swinging Strike
0-1: Bunt missed!
0-2: Ball
1-2: Foul Ball, location: 2F
1-2: Ground out 5-3 (Groundball, 56S, EV 79.4 MPH)
Batting: RHB Virgil Wenz 0-0: Ball
1-0: Called Strike
1-1: Swinging Strike
1-2: Strikes out swinging
Batting: SHB Orlando Uribe 0-0: Ball
1-0: Called Strike
1-1: Ball
2-1: Foul Ball, location: 2F
2-2: Ball
3-2: Hit by Pitch
Batting: RHB Ruben Arreola 0-0: Foul Ball, location: 2F
0-1: Called Strike
0-2: Strikes out swinging
Bottom of the 1st over - 0 runs, 0 hits, 0 errors, 1 left on base; University of Conneticut 0 - University of Oklahoma 0
TOP OF THE 2ND
University of Conneticut Huskies batting - Pitching for University of Oklahoma Sooners : LHP Billy Bradburn
Batting: LHB Greg James 0-0: Ground out 5-3 (Groundball, 56S, EV 78.1 MPH)
Batting: RHB Jordan Nicholas 0-0: Ball
1-0: Ball
2-0: Swinging Strike
2-1: Ball
3-1: Base on Balls
Batting: RHB Victor Nava 0-0: Ball
Jordan Nicholas is caught stealing 2nd base 2-4
1-0: Ball
2-0: Foul Ball, location: 2F
2-1: Ball
3-1: Base on Balls
Batting: SHB Miguel Perez 0-0: Ball
1-0: Called Strike
1-1: Ball
2-1: Ball
Victor Nava is caught stealing 2nd base 2-4
Top of the 2nd over - 0 runs, 0 hits, 0 errors, 0 left on base; University of Conneticut 0 - University of Oklahoma 0
BOTTOM OF THE 2ND
University of Oklahoma Sooners batting - Pitching for University of Conneticut Huskies : RHP Jordan Watkins
Batting: RHB Sugiarto Kartosuwiryo 0-0: Called Strike
0-1: Called Strike
0-2: Strikes out swinging
Batting: RHB David Stuckey 0-0: Ball
1-0: Ball
2-0: Called Strike
2-1: Ball
3-1: Foul Ball, location: 2F
3-2: Ground out 2-3 (Groundball, 15S, EV 70.0 MPH)
Batting: RHB Kjeld Leen 0-0: Called Strike
0-1: Ball
1-1: SOLO HOME RUN (Flyball, 7LD, EV 93.1 MPH), Distance : 344 ft
Batting: RHB Jon Chatman 0-0: Ball
1-0: Ball
2-0: Foul Ball, location: 2F
2-1: Ball
3-1: Foul Ball, location: 2F
3-2: Foul Ball, location: 2F
3-2: Strikes out swinging
Bottom of the 2nd over - 1 run, 1 hit, 0 errors, 0 left on base; University of Conneticut 0 - University of Oklahoma 1
TOP OF THE 3RD
University of Conneticut Huskies batting - Pitching for University of Oklahoma Sooners : LHP Billy Bradburn
Batting: SHB Miguel Perez 0-0: Ground out 6-3 (Groundball, 6S, EV 82.5 MPH)
Batting: LHB Omar Alba 0-0: Foul Ball, location: 2F
0-1: Ball
1-1: Foul Ball, location: 2F
1-2: Ground out 4-3 (Groundball, 4S, EV 69.4 MPH)
Batting: RHB Jack Vokey 0-0: Ball
1-0: Ball
2-0: Swinging Strike
2-1: Foul Ball, location: 2F
2-2: Ball
3-2: Base on Balls
Batting: RHB Kyle Finney 0-0: Fly out, F8 (Line Drive, 8RD, EV 96.9 MPH)
Top of the 3rd over - 0 runs, 0 hits, 0 errors, 1 left on base; University of Conneticut 0 - University of Oklahoma 1
BOTTOM OF THE 3RD
University of Oklahoma Sooners batting - Pitching for University of Conneticut Huskies : RHP Jordan Watkins
Batting: LHB Nelson Morales 0-0: Called Strike
0-1: Swinging Strike
0-2: Strikes out swinging
Batting: RHB Myles Sabine 0-0: Ball
1-0: Ball
2-0: Called Strike
2-1: Called Strike
2-2: Strikes out swinging
Batting: RHB Virgil Wenz 0-0: Ball
1-0: Ball
2-0: Ball
3-0: Base on Balls
Batting: SHB Orlando Uribe 0-0: Ball
Virgil Wenz is caught stealing 2nd base 2-6
Bottom of the 3rd over - 0 runs, 0 hits, 0 errors, 0 left on base; University of Conneticut 0 - University of Oklahoma 1
TOP OF THE 4TH
University of Conneticut Huskies batting - Pitching for University of Oklahoma Sooners : LHP Billy Bradburn
Batting: LHB Andrew Barzee 0-0: Ball
1-0: Foul Ball, location: 2F
1-1: Called Strike
1-2: Ground out 2-3 (Groundball, 2L, EV 63.8 MPH)
Batting: LHB Hector Acosta 0-0: Fly out, F7 (Flyball, 7S, EV 88.1 MPH)
Batting: LHB Greg James 0-0: Ball
1-0: Ground out 4-3 (Groundball, 4, EV 87.5 MPH)
Top of the 4th over - 0 runs, 0 hits, 0 errors, 0 left on base; University of Conneticut 0 - University of Oklahoma 1
BOTTOM OF THE 4TH
University of Oklahoma Sooners batting - Pitching for University of Conneticut Huskies : RHP Jordan Watkins
Batting: SHB Orlando Uribe 0-0: Ball
1-0: Called Strike
1-1: Ball
2-1: Swinging Strike
2-2: Strikes out swinging
Batting: RHB Ruben Arreola 0-0: Ball
1-0: Foul Ball, location: 2F
1-1: Foul Ball, location: 2F
1-2: DOUBLE (Groundball, 5L, EV 100.0 MPH)
Batting: RHB Sugiarto Kartosuwiryo 0-0: Called Strike
0-1: Ball
1-1: Foul Ball, location: 2F
1-2: Ball
2-2: Ball
3-2: Fly out, F9 (Flyball, 9S, EV 84.4 MPH)
Pitching: RHP Sherwood Abernethy
Batting: RHB David Stuckey 0-0: Ball
1-0: Ground out U3 (Groundball, 3, EV 76.2 MPH)
Bottom of the 4th over - 0 runs, 1 hit, 0 errors, 1 left on base; University of Conneticut 0 - University of Oklahoma 1
TOP OF THE 5TH
University of Conneticut Huskies batting - Pitching for University of Oklahoma Sooners : LHP Billy Bradburn
Batting: RHB Jordan Nicholas 0-0: Ball
1-0: Ground out 6-3 (Groundball, 6, EV 92.5 MPH)
Batting: RHB Victor Nava 0-0: Ball
1-0: Called Strike
1-1: Ball
2-1: Ball
3-1: Base on Balls
Batting: SHB Miguel Perez 0-0: Ball
1-0: Foul Ball, location: 2F
1-1: Foul Ball, location: 2F
1-2: Strikes out looking
Batting: LHB Omar Alba 0-0: Ball
1-0: Called Strike
1-1: Called Strike
1-2: Fly out, F9 (Flyball, 89S, EV 90.0 MPH)
Top of the 5th over - 0 runs, 0 hits, 0 errors, 1 left on base; University of Conneticut 0 - University of Oklahoma 1
BOTTOM OF THE 5TH
University of Oklahoma Sooners batting - Pitching for University of Conneticut Huskies : RHP Sherwood Abernethy
Batting: RHB Kjeld Leen 0-0: Ball
1-0: Swinging Strike
1-1: Ball
2-1: Foul Ball, location: 2F
2-2: Foul Ball, location: 2F
2-2: Foul Ball, location: 2F
2-2: Foul Ball, location: 2F
2-2: Strikes out swinging
Batting: RHB Jon Chatman 0-0: Ball
1-0: Called Strike
1-1: DOUBLE (Flyball, 8RD, EV 106.9 MPH)
Batting: LHB Nelson Morales 0-0: Called Strike
0-1: Ball
Jon Chatman steals 3rd base
Squeeze bunt is on, Jon Chatman is out
1-2: Foul Ball, location: 2F
1-2: Foul Ball, location: 2F
1-2: Fly out, F7 (Flyball, 78S, EV 93.1 MPH)
Bottom of the 5th over - 0 runs, 1 hit, 0 errors, 0 left on base; University of Conneticut 0 - University of Oklahoma 1
TOP OF THE 6TH
University of Conneticut Huskies batting - Pitching for University of Oklahoma Sooners : LHP Billy Bradburn
Batting: RHB Jack Vokey 0-0: Fly out, F7 (Flyball, 78S, EV 93.1 MPH)
Batting: RHB Kyle Finney 0-0: Called Strike
0-1: Ball
1-1: Ball
2-1: Ground out 4-3 (Groundball, 4, EV 79.4 MPH)
Batting: LHB Andrew Barzee 0-0: Ball
1-0: Ball
2-0: SINGLE (Groundball, 6D, EV 94.4 MPH)
Batting: LHB Hector Acosta 0-0: Called Strike
0-1: Ball
1-1: DOUBLE (Line Drive, 78XD, EV 106.2 MPH)
Andrew Barzee to third
Pitching: RHP Gabe Newman
Batting: LHB Greg James 0-0: Ball
1-0: Ball
2-0: Ball
3-0: Base on Balls
Batting: RHB Jordan Nicholas 0-0: Ball
1-0: Ball
2-0: Ball
3-0: Called Strike
3-1: Base on Balls
Andrew Barzee scores
Hector Acosta to third
Greg James to second
Batting: RHB Victor Nava 0-0: Ball
1-0: Ball
2-0: Ball
3-0: Called Strike
3-1: Foul Ball, location: 2F
3-2: Foul Ball, location: 2F
3-2: Foul Ball, location: 2F
3-2: Strikes out swinging
Top of the 6th over - 1 run, 2 hits, 0 errors, 3 left on base; University of Conneticut 1 - University of Oklahoma 1
BOTTOM OF THE 6TH
University of Oklahoma Sooners batting - Pitching for University of Conneticut Huskies : RHP Sherwood Abernethy
Batting: RHB Myles Sabine 0-0: Foul Ball, location: 2F
0-1: Swinging Strike
0-2: Ball
1-2: Strikes out swinging
Batting: RHB Virgil Wenz 0-0: Ball
1-0: Ground out 6-3 (Groundball, 6, EV 76.2 MPH)
Batting: SHB Orlando Uribe 0-0: Foul Ball, location: 2F
0-1: DOUBLE (Line Drive, 5D, EV 97.5 MPH)
Batting: RHB Ruben Arreola 0-0: Called Strike
0-1: Foul Ball, location: 2F
0-2: Foul Ball, location: 2F
0-2: Foul Ball, location: 2F
0-2: Ball
1-2: SINGLE (Groundball, 56D, EV 98.8 MPH)
Orlando Uribe to third
Runner from 3rd tries for Home, SAFE, throw by LF to home
Batting: RHB Sugiarto Kartosuwiryo 0-0: Ball
1-0: Ball
2-0: DOUBLE (Groundball, 5L, EV 104.4 MPH)
Ruben Arreola to third
Runner from 3rd tries for Home, SAFE, throw by LF to home
Batting: RHB David Stuckey 0-0: Ground out 5-3 (Groundball, 56S, EV 90.0 MPH)
Bottom of the 6th over - 2 runs, 3 hits, 0 errors, 1 left on base; University of Conneticut 1 - University of Oklahoma 3
TOP OF THE 7TH
University of Conneticut Huskies batting - Pitching for University of Oklahoma Sooners : RHP Gabe Newman
Batting: SHB Miguel Perez 0-0: Ball
1-0: Ground out U3 (Groundball, 34, EV 88.1 MPH)
Pitching: LHP Bruce Chapman
Batting: LHB Omar Alba 0-0: Ball
1-0: Called Strike
1-1: SINGLE (Groundball, 56D, EV 100.0 MPH)
Batting: RHB Jack Vokey 0-0: Called Strike
0-1: Ball
1-1: Fielders Choice at 2nd, 6-4 (Groundball, 6, EV 94.4 MPH)
Batting: RHB Kyle Finney 0-0: Called Strike
0-1: Ball
1-1: Called Strike
1-2: SINGLE (Line Drive, 9S, EV 109.4 MPH)
Jack Vokey to second
Batting: LHB Andrew Barzee 0-0: Ball
1-0: Ball
2-0: Foul Ball, location: 2F
2-1: Swinging Strike
2-2: Strikes out swinging
Top of the 7th over - 0 runs, 2 hits, 0 errors, 2 left on base; University of Conneticut 1 - University of Oklahoma 3
BOTTOM OF THE 7TH
University of Oklahoma Sooners batting - Pitching for University of Conneticut Huskies : RHP Sherwood Abernethy
Batting: RHB Kjeld Leen 0-0: Foul Ball, location: 2F
0-1: Ball
1-1: Swinging Strike
1-2: Ball
2-2: Strikes out swinging
Batting: LHB Jon Terrones 0-0: Ball
1-0: Foul Ball, location: 2F
1-1: Ball
2-1: Foul Ball, location: 2F
2-2: Ground out 5-3 (Groundball, 5, EV 83.1 MPH)
Batting: LHB Nelson Morales 0-0: Swinging Strike
0-1: Ball
1-1: Foul Ball, location: 2F
1-2: Strikes out swinging
Bottom of the 7th over - 0 runs, 0 hits, 0 errors, 0 left on base; University of Conneticut 1 - University of Oklahoma 3
TOP OF THE 8TH
University of Conneticut Huskies batting - Pitching for University of Oklahoma Sooners : LHP Bruce Chapman
Pitching: RHP Colin Jensen
Batting: LHB Hector Acosta 0-0: Ball
1-0: Ball
2-0: Foul Ball, location: 2F
2-1: Foul Ball, location: 2F
2-2: Foul Ball, location: 2F
2-2: Fly out, F7 (Flyball, 7D, EV 101.9 MPH)
Batting: LHB Greg James 0-0: Called Strike
0-1: Ball
1-1: Ball
2-1: SINGLE (Line Drive, 6D, EV 105.0 MPH)
Batting: RHB Jordan Nicholas 0-0: Called Strike
0-1: Foul Ball, location: 2F
0-2: Grounds into double play, 5-4-3 (Groundball, 56S, EV 80.6 MPH)
Top of the 8th over - 0 runs, 1 hit, 0 errors, 0 left on base; University of Conneticut 1 - University of Oklahoma 3
BOTTOM OF THE 8TH
University of Oklahoma Sooners batting - Pitching for University of Conneticut Huskies : RHP Sherwood Abernethy
Batting: RHB Myles Sabine 0-0: Ball
1-0: Ball
2-0: SINGLE (Groundball, 56D, EV 111.2 MPH)
Batting: RHB Virgil Wenz 0-0: Called Strike
Myles Sabine is caught stealing 2nd base 2-4
0-1: Ball
1-1: Foul Ball, location: 2F
1-2: SINGLE (Groundball, 56S, EV 61.9 MPH) (infield hit)
Batting: SHB Orlando Uribe 0-0: Called Strike
Virgil Wenz steals 2nd base
0-1: Foul Ball, location: 2F
0-2: Ball
1-2: Foul Ball, location: 2F
1-2: Ball
2-2: Fly out, F7 (Flyball, 7LM, EV 84.4 MPH)
Pitching: RHP Cullen Elliott
Batting: RHB Ruben Arreola 0-0: Ball
1-0: Ball
2-0: Ball
3-0: Base on Balls
Batting: RHB Sugiarto Kartosuwiryo 0-0: Ball
1-0: Swinging Strike
1-1: Foul Ball, location: 2F
1-2: Ball
2-2: Ball
3-2: Ground out 1-3 (Groundball, 13, EV 71.2 MPH)
Bottom of the 8th over - 0 runs, 2 hits, 0 errors, 2 left on base; University of Conneticut 1 - University of Oklahoma 3
TOP OF THE 9TH
University of Conneticut Huskies batting - Pitching for University of Oklahoma Sooners : RHP Colin Jensen
Pitching: LHP Bobby Cimilluca
Batting: RHB Victor Nava 0-0: Called Strike
0-1: Foul Ball, location: 2F
0-2: Ball
1-2: Strikes out swinging
Pinch Hitting: RHB Paul Pastrano 0-0: SINGLE (Groundball, 6MD, EV 104.4 MPH)
Pinch Hitting: RHB Lee Wilbur 0-0: Ball
1-0: Called Strike
1-1: Ball
2-1: Swinging Strike
2-2: Strikes out swinging
Batting: RHB Jack Vokey 0-0: Ball
1-0: Foul Ball, location: 2F
1-1: Ball
2-1: Swinging Strike
2-2: Foul Ball, location: 2F
2-2: DOUBLE (Line Drive, 8RD, EV 109.4 MPH)
Paul Pastrano to third
Batting: RHB Kyle Finney 0-0: Called Strike
0-1: Swinging Strike
0-2: Ball
1-2: Hit by Pitch
Batting: LHB Andrew Barzee 0-0: Called Strike
0-1: Swinging Strike
0-2: Ball
1-2: Ground out U3 (Groundball, 34S, EV 85.0 MPH)
Top of the 9th over - 0 runs, 2 hits, 0 errors, 3 left on base; University of Conneticut 1 - University of Oklahoma 3
Tuesday, September 13th , 2022 - OOTP Baseball 23.7 Build 88